AoeStats
← DK_Odysseo

African Clearing

510560254Analyzed
3v3 RM · 16h ago on Oct 1, 2026· 54m 10s· 6 players
Game mode
Random Map
Map size
Normal (6 player)
Population
200
Speed
Normal
Resources
Standard
Victory
Conquest
Starting age
Dark Age
Ending age
Imperial Age
RankedLock teamsTeams togetherTeam positionsShared explorationLock speedFull tech treeHidden civsTurbo modeCheats
Victory
Defeat
🇪🇸 Cumans · Spain
1570
+16
1548
+17
🇪🇸 Vikings · Spain
1535
+18
🇪🇸 Portuguese · Spain
1670
-21
🇪🇸 Mongols · Spain
1623
-19
🇪🇸 Berbers · Spain
1426
-11
Thomas Sankara
11:44 Feudal Age
10:58 Loom
16:38 Castle Age
14:36 Double-Bit Axe
18:45 Bow Saw
21:32 Fletching
23:28 Horse Collar
24:29 Bodkin Arrow
26:13 Ballistics
30:17 Padded Archer Armor
30:15 Town Watch
31:32 Gold Mining
34:27 Heavy Plow
35:01 Stone Mining
38:31 Imperial Age
38:05 Gold Shaft Mining
38:25 Scale Mail Armor
38:36 Forging
38:46 Treadmill Crane
39:35 Conscription
38:56 Capped Ram
39:52 Chain Mail Armor
40:37 Iron Casting
40:40 Chieftains
41:27 Plate Mail Armor
43:53 Elite Berserk
46:56 Siege Ram
49:17 Blast Furnace
48:42 Squires
49:10 Bracer
49:01 Onager
52:11 Chemistry
53:28 Arson
lizanan
9:44 Loom
11:51 Feudal Age
12:42 Double-Bit Axe
21:55 Castle Age
20:58 Scale Barding Armor
22:39 Forging
24:31 Bow Saw
27:33 Fletching
27:43 Padded Archer Armor
29:26 Bodkin Arrow
32:45 Ballistics
32:46 Leather Archer Armor
33:58 Bloodlines
34:28 Town Watch
35:21 Wheelbarrow
36:47 Thumb Ring
44:33 Imperial Age
42:02 Gold Mining
42:18 Stone Mining
43:48 Steppe Husbandry
46:18 Ring Archer Armor
46:56 Chemistry
46:24 Conscription
45:41 Elite Kipchak
46:20 Capped Ram
48:58 Parthian Tactics
48:40 Siege Ram
50:48 Cuman Mercenaries
51:56 Hoardings
51:41 Masonry
Muelle En Charquito
9:16 Loom
12:06 Feudal Age
12:33 Double-Bit Axe
12:17 Man-at-Arms
13:58 Wheelbarrow
19:45 Castle Age
18:37 Bloodlines
19:37 Forging
21:15 Bow Saw
22:27 Husbandry
23:10 Scale Barding Armor
29:43 Horse Collar
32:06 Scale Mail Armor
32:27 Chain Barding Armor
32:20 Gold Mining
34:14 Chain Barding Armor
38:23 Iron Casting
38:06 Hand Cart
37:36 Town Watch
44:47 Imperial Age
46:08 Plate Barding Armor
44:55 Cavalier
44:59 Light Cavalry
45:49 Heavy Plow
46:49 Two-Man Saw
46:45 Paladin
48:53 Winged Hussar
51:20 Conscription
DK_Odysseo
8:32 Loom
10:54 Feudal Age
11:37 Town Watch
11:54 Double-Bit Axe
16:05 Town Watch
20:11 Castle Age
19:05 Forging
20:11 Scale Barding Armor
20:24 Light Cavalry
21:14 Bloodlines
30:59 Horse Collar
35:48 Bow Saw
38:29 Wheelbarrow
42:55 Imperial Age
41:22 Gold Mining
41:23 Stone Mining
43:10 Elite Organ Gun
44:25 Conscription
45:14 Chemistry
46:01 Capped Ram
47:51 Hand Cart
47:39 Arquebus
48:03 Ballistics
49:17 Stone Shaft Mining
49:36 Siege Engineers
53:16 Fletching
DK_Idroj
10:01 Loom
12:58 Feudal Age
12:46 Loom
17:09 Castle Age
15:22 Double-Bit Axe
16:45 Bloodlines
16:46 Forging
16:42 Scale Barding Armor
25:10 Chain Barding Armor
30:09 Iron Casting
31:22 Husbandry
31:15 Horse Collar
34:08 Fletching
35:41 Padded Archer Armor
38:09 Wheelbarrow
38:57 Stone Mining
38:57 Gold Mining
42:45 Imperial Age
41:11 Kasbah
41:10 Bodkin Arrow
42:45 Town Watch
43:16 Hand Cart
46:00 Chemistry
45:02 Bracer
45:25 Leather Archer Armor
45:21 Thumb Ring
45:40 Conscription
45:28 Maghrebi Camels
46:10 Ballistics
46:35 Conscription
46:39 Bow Saw
46:36 Heavy Plow
47:22 Ring Archer Armor
50:05 Elite Camel Archer
52:28 Cavalier
54:41 Plate Barding Armor
DK_Dani
12:21 Feudal Age
13:38 Loom
18:07 Castle Age
16:54 Fletching
18:47 Double-Bit Axe
22:36 Bodkin Arrow
29:33 Ballistics
29:28 Bloodlines
29:37 Horse Collar
33:33 Husbandry
36:55 Padded Archer Armor
37:01 Thumb Ring
37:53 Leather Archer Armor
38:47 Bow Saw
38:38 Heavy Plow
41:48 Wheelbarrow
40:59 Town Watch
44:48 Imperial Age
44:56 Hand Cart
47:35 Imperial Age
46:18 Masonry
47:11 Scale Barding Armor
48:37 Bracer
48:06 Elite Mangudai
50:16 Chain Barding Armor
50:52 Light Cavalry
Connection lost

Rejoining the realm…

Still unreachable

The connection could not be restored.

Session expired

The server has moved on; the page needs a fresh start.